 Dungeon Crawl Stone Soup version 0.22-a0-601-gb0ed703 (webtiles) character file.

140 sking99 the Ruffian (level 5, 0/41 HPs)
             Began as a Draconian Transmuter on July 6, 2018.
             Succumbed to an adder's poison
             ... on level 2 of the Dungeon.
             The game lasted 00:08:53 (3553 turns).

sking99 the Ruffian (Draconian Transmuter)          Turns: 3553, Time: 00:08:53

Health: 0/41       AC:  5    Str: 13    XL:     5   Next: 2%
Magic:  9/9        EV: 12    Int: 14    God:
Gold:   129        SH:  0    Dex: 11    Spells: 6/9 levels left

rFire    . . .     SeeInvis .     - Unarmed
rCold    . . .     Gourm    .   (no shield)
rNeg     . . .     Faith    .   (armour unavailable)
rPois    .         Spirit   .   (helmet restricted)
rElec    .         Reflect  .   (no cloak)
rCorr    .         Harm     .   (no gloves)
MR       .....                  (no boots)
Stlth    +.........             (no amulet)
HPRegen  0.13/turn              (no ring)
MPRegen  0.11/turn              (no ring)

@: lethally poisoned (0 -> -10), flying
A: unfitting armour, cold-blooded, AC +5
a: no special abilities


You were on level 2 of the Dungeon.
You were hungry.

You visited 1 branch of the dungeon, and saw 3 of its levels.

You collected 129 gold pieces.

Inventory:

Scrolls
 b - a scroll of amnesia {unknown}
 e - a scroll of enchant armour {unknown}
 f - 3 scrolls of identify {unknown}
 i - a scroll of teleportation {unknown}
 m - a scroll of magic mapping {unknown}
 p - a scroll of enchant weapon {unknown}
 r - a scroll of remove curse {unknown}
Potions
 a - a potion of resistance {unknown}
 g - a potion of heal wounds {unknown}
 h - a potion of flight
 j - a potion of magic {unknown}
 k - a potion of cancellation {unknown}
 l - a potion of might {unknown}
 n - 2 potions of curing {unknown}
 o - a potion of lignification {unknown}
 q - a potion of agility {unknown}
Comestibles
 c - 9 rations
 d - a chunk of flesh


   Skills:
 - Level 1.7 Fighting
 - Level 1.7 Dodging
 * Level 4.6 Unarmed Combat
 + Level 2.7 Spellcasting
 + Level 2.8 Transmutations


You had 6 spell levels left.
You knew the following spells:

 Your Spells              Type           Power        Failure   Level  Hunger
a - Beastly Appendage     Tmut           #.....       7%          1    #......
b - Sticks to Snakes      Tmut           #.......     11%         2    ###....

Your spell library contained the following spells:

 Spells                   Type           Power        Failure   Level  Hunger
 Spider Form              Tmut/Pois      #.........   36%         3    ###....
 Blade Hands              Tmut           #.........   88%         5    ######.
 Ice Form                 Ice/Tmut       #.......     77%         4    #####..


Dungeon Overview and Level Annotations

Branches:
Dungeon (3/15)

Altars:
Trog
The Shining One

Annotations:
D:3 1 runed door, ThisFiasco's ghost, amateur DrVM


Innate Abilities, Weirdness & Mutations

Your plain brown scales are hard. (AC +5)
You cannot fit into any form of body armour.
You are cold-blooded and may be slowed by cold attacks.


Message History

The adder is severely wounded.
You feel sick. The adder closely misses you.
You closely miss the adder. You punch the adder, but do no damage.
The adder is severely wounded.
You feel sick. The adder barely misses you.
You closely miss the adder.
The adder is severely wounded.
The adder bites you.
* * * LOW HITPOINT WARNING * * *
You barely miss the adder.
The adder is severely wounded.
The adder bites you.
* * * LOW HITPOINT WARNING * * *
You are more poisoned.
The adder poisons you! The adder bites you.
* * * LOW HITPOINT WARNING * * *
It was a potion of flight.
You feel very buoyant.
You fly up into the air.
You die...

##.#.# #.####..##.# #..#.#
#.#.....##.#
#.##.####.#.#...##.#
................##.#
####......#<#...##.############
#############....)............#
...............###.##########.#
#############..###.#### #.#
...............S@.....# #.#
#########..##########.# #.#
#####.###..# #.# #.#
...........# #.# #.#
.#########<# #.# #.#
.'.........# #.# #.#
.########### #.# #.# ## #.# #.#
#.# #.#


You could see an adder.

Vanquished Creatures
  2 adders
  3 gnolls (D:2)
  A worm (D:2)
  A dart slug (D:2)
  5 leopard geckos
  4 orcs (D:2)
  6 bats
  2 giant cockroaches
  9 hobgoblins
  4 jackals (D:3)
  A quokka (D:2)
  5 frilled lizards
  3 goblins
  5 kobolds
  3 rats
  A plant (D:1)
55 creatures vanquished.

Vanquished Creatures (collateral kills)
  A gnoll (D:1)
  2 adders
  A worm (D:2)
  An orc (D:3)
5 creatures vanquished.

Grand Total: 60 creatures vanquished

Notes
Turn   | Place    | Note
-------+----------+-------------------------------------------
     0 | D:1      | sking99 the Draconian Transmuter began the quest for the Orb.
     0 | D:1      | Reached XP level 1. HP: 16/16 MP: 3/3
   440 | D:1      | Reached XP level 2. HP: 23/23 MP: 5/5
   928 | D:2      | Learned a level 2 spell: Sticks to Snakes
   978 | D:2      | Reached XP level 3. HP: 25/29 MP: 1/6
  1677 | D:2      | Found a glowing golden altar of the Shining One.
  1706 | D:2      | Reached skill level 4 in Unarmed Combat
  2045 | D:2      | Reached XP level 4. HP: 21/36 MP: 7/7
  2536 | D:2      | Found a bloodstained altar of Trog.
  3148 | D:3      | Found a runed door.
  3397 | D:3      | Noticed ThisFiasco's ghost (amateur DrVM)
  3483 | D:3      | Reached XP level 5. HP: 41/41 MP: 9/9
  3552 | D:2      | HP: 2/41 [adder (3)]
  3553 | D:2      | Succumbed to an adder's poison

Vault maps used:
D:1:      roderic_crop_circles_arrival_small, hangedman_feature_mirror
D:2:      old_standard_altar, overflow_temple_1_default, first_ration
D:3:      minmay_diamond_boxcup, ebering_ghost_sewer_f, kennysheep_small_spiral,
          nemelex_diamond_rough_becter

Skill      XL: |  1  2  3 |
---------------+----------+-----
Unarmed Combat | 4 |  4.6
Fighting       | |  1.7
Dodging        | |  1.7
Spellcasting   | |  2.7
Transmutations | |  2.8

Action                   |  1- 3 |  4- 6 || total
-------------------------+-------+-------++-------
Melee: Unarmed           |   200 |   151 ||   351
       Tailslap          |    42 |    12 ||    54
       Kick              |     2 |       ||     2
       Punch             |     3 |     3 ||     6
 Cast: Beastly Appendage |     2 |       ||     2
       Sticks to Snakes  |    11 |     1 ||    12
  Use: Potion            |       |     1 ||     1
 Stab: Sleeping          |     1 |       ||     1
  Eat: Chunk             |     4 |     5 ||     9
Armor: Skin              |    42 |    47 ||    89
Dodge: Dodged            |    77 |    99 ||   176

Table legend:
 A = Spawn XP
 B = Non-spawn XP
 C = Spawn XP percentage of total XP
 D = Spawn monster count
 E = Non-spawn monster count
 F = Spawn count percentage of total count
 G = Total turns spent on level
                    A         B        C        D         E        F      G
               +---------+---------+-------+---------+---------+-------+---------
         Total |       0 |     200 |   0.0 |       0 |      59 |   0.0 |  3553
               +---------+---------+-------+---------+---------+-------+---------
           D:1 |       0 |      34 |   0.0 |       0 |      14 |   0.0 |  1400
           D:2 |       0 |     122 |   0.0 |       0 |      30 |   0.0 |  1527
           D:3 |       0 |      44 |   0.0 |       0 |      15 |   0.0 |   626
               +---------+---------+-------+---------+---------+-------+---------
